 Dungeon Crawl Stone Soup version 0.28.0-53-g5a82cb258f (webtiles) character file.

Game seed: 13098506874160117125

8919 cbfl8 the Cleaver (level 11, -4/99 HPs)
             Began as a Minotaur Berserker on Aug 11, 2022.
             Was a High Priest of Trog.
             Slain by a nine-headed hydra (7 damage)
             ... on level 11 of the Dungeon on Aug 12, 2022.
             The game lasted 00:15:17 (15946 turns).

cbfl8 the Cleaver (Minotaur Berserker)             Turns: 15946, Time: 00:15:18

Health: -4/99      AC: 13    Str: 28    XL:     11   Next: 16%
Magic:  10/10      EV: 10    Int:  4    God:    Trog [*****.]
Gold:   623        SH:  0    Dex: 14    Spells: 10/10 levels left

rFire   . . .      SeeInvis .   C - +2 battleaxe
rCold   . . .      Faith    +   (shield currently unavailable)
rNeg    + . .      Spirit   .   a - +0 plate armour
rPois   .          Reflect  .   (helmet restricted)
rElec   .          Harm     .   (no cloak)
rCorr   .          Rampage  .   (no gloves)
Will    .....                   (no boots)
Stlth   ..........              q - amulet of faith
HPRegen 0.26/turn               o - ring of positive energy
MPRegen 0.12/turn               i - +6 ring of strength

@: on berserk cooldown, slowed, very slow
A: horns 2, retaliatory headbutt
a: Renounce Religion, Berserk, Trog's Hand, Brothers in Arms


You were on level 11 of the Dungeon.
You worshipped Trog.
Trog was extremely pleased with you.
You visited 1 branch of the dungeon, and saw 12 of its levels.

You collected 665 gold pieces.
You spent 42 gold pieces at shops.

Inventory:

Hand Weapons
 C - a +2 battleaxe (weapon)
Missiles
 g - a throwing net
Armour
 a - a +0 plate armour (worn)
Jewellery
 f - a ring of fire
 i - a +6 ring of strength (right hand)
 o - a ring of positive energy (left hand)
 q - an amulet of faith (around neck)
 y - a ring of magical power
Wands
 n - a wand of flame (7)
 A - a wand of paralysis (9) (quivered)
 D - a wand of acid (2)
 F - a wand of iceblast (5)
Scrolls
 b - a scroll of identify
 e - 6 scrolls of teleportation
 m - 3 scrolls of enchant weapon
 p - 2 scrolls of immolation
 t - 2 scrolls of noise
 w - a scroll of blinking
 H - a scroll of summoning {unknown}
Potions
 c - 3 potions of degeneration {unknown}
 d - 3 potions of lignification {unknown}
 h - 2 potions of attraction {unknown}
 j - 2 potions of might {unknown}
 k - 2 potions of flight {unknown}
 l - 5 potions of heal wounds
 r - 3 potions of mutation {unknown}
 s - a potion of cancellation {unknown}
 u - a potion of haste {unknown}
 z - 3 potions of brilliance {unknown}
 B - a potion of curing
 E - a potion of ambrosia {unknown}
Miscellaneous
 v - a lightning rod (4/4)


   Skills:
 * Level 9.8 Fighting
 * Level 12.8 Axes
 + Level 7.6 Armour
 * Level 6.8 Dodging
 * Level 5.2 Stealth
 * Level 5.1 Evocations


You had 10 spell levels left.
You didn't know any spells.
Your spell library was empty.

Dungeon Overview and Level Annotations

Branches:
Dungeon (12/15)            Temple (0/1) D:4            Lair (0/6) D:8
    Orc: D:9-12

Altars:
Ashenzari
Dithmenos
Fedhas
Hepliaklqana
Kikubaaqudgha
Makhleb
Nemelex Xobeh
Okawaru
Ru
Sif Muna
Xom
Yredelemnul
Zin
Beogh

Shops:
D:2 !   D:5 *   D:6 *


Innate Abilities, Weirdness & Mutations

You have a pair of horns on your head.
You reflexively headbutt those who attack you in melee.


Message History

The seven-headed hydra barely misses you.
The seven-headed hydra bites you.
* * * LOW HITPOINT WARNING * * *
The seven-headed hydra bites you!
* * * LOW HITPOINT WARNING * * *
You lop one of the seven-headed hydra's heads off!
The six-headed hydra grows two more!
You slash the eight-headed hydra!
The eight-headed hydra is heavily wounded.
The eight-headed hydra bites you!
* * * LOW HITPOINT WARNING * * *
The eight-headed hydra bites you.
* * * LOW HITPOINT WARNING * * *
The eight-headed hydra bites you but does no damage.
The eight-headed hydra barely misses you.
The eight-headed hydra bites you!
* * * LOW HITPOINT WARNING * * *
The eight-headed hydra bites you but does no damage.
The eight-headed hydra barely misses you.
The eight-headed hydra bites you but does no damage.
You hack one of the eight-headed hydra's heads off!
The seven-headed hydra grows two more!
You slice the nine-headed hydra!!
Your headbutt misses the nine-headed hydra.
The nine-headed hydra is severely wounded.
You are too berserk!
You are too berserk!
You feel a strong urge to attack something.
You are no longer berserk.
You are exhausted.
You feel yourself slow down.
You feel much better.
The nine-headed hydra bites you but does no damage.
The nine-headed hydra bites you!
* * * LOW HITPOINT WARNING * * *
The nine-headed hydra bites you but does no damage.
The nine-headed hydra bites you.
* * * LOW HITPOINT WARNING * * *
The nine-headed hydra bites you!
* * * LOW HITPOINT WARNING * * *
The nine-headed hydra bites you!
You die...

#.# #.# #.# #.#
#.# ..... #.# ...
#.# ... #D# ...
#@# #.# ###### #.#
#^# #..... #.# #.#
#..... #.#
###.###..... #.#
#<..>##.....
#.#####...........
#.#........####'#.
#.#'####...####.#.
#............##+#.


You could see a nine-headed hydra.

Vanquished Creatures
  Kirke (D:12)
  A two-headed ogre (D:5)
  An oklob plant (D:5)
  Sigmund (D:2)
  A wraith (D:9)
  2 wyverns (D:9)
  6 yaks
  A vampire (D:6)
  A hog (D:12)
  3 steam dragons
  Menkaure (D:7)
  4 water moccasins
  An acid dragon (D:8)
  4 black bears
  3 sky beasts
  An ogre (D:5)
  7 orc warriors
  2 centaurs
  A phantom (D:6)
  2 kobold brigands
  2 bullfrogs (D:8)
  3 scorpions
  8 wights
  8 howler monkeys
  3 centaur zombies
  5 hounds
  2 gnoll shamans
  3 orc priests
  A jelly (D:4)
  2 bullfrog skeletons
  2 centaur skeletons
  An iguana (D:5)
  Natasha (thrice) (D:2)
  5 orc wizards
  3 scorpion zombies
  Ijyb (D:3)
  2 hound skeletons (D:5)
  A hound zombie (D:4)
  10 adders
  8 gnolls (D:4)
  2 white imps
  2 worms (D:2)
  5 dart slugs
  42 orcs
  14 ball pythons
  3 bats
  7 endoplasms
  4 giant cockroaches
  9 goblins
  6 hobgoblins
  15 kobolds
  6 quokkas
  5 frilled lizards
  8 rats
245 creatures vanquished.

Vanquished Creatures (others)
  2 humans (D:12)
  2 howler monkeys (D:12)
  12 fungi
  16 plants
32 creatures vanquished.

Grand Total: 277 creatures vanquished

Notes
Turn   | Place    | Note
-------+----------+-------------------------------------------
     0 | D:1      | cbfl8 the Minotaur Berserker began the quest for the Orb.
     0 | D:1      | Reached XP level 1. HP: 19/19 MP: 0/0
    80 | D:1      | Reached skill level 4 in Axes
    80 | D:1      | Reached XP level 2. HP: 27/27 MP: 1/1
   479 | D:1      | Reached XP level 3. HP: 31/33 MP: 2/2
   582 | D:1      | Reached ** piety under Trog
  1017 | D:2      | Noticed Natasha
  1024 | D:2      | Killed Natasha
  1025 | D:2      | Found Tana Fig's Distillery.
  1131 | D:2      | Bought a potion of curing for 42 gold pieces
  1145 | D:2      | Reached XP level 4. HP: 36/40 MP: 3/3
  1200 | D:2      | Found a faded altar of an unknown god.
  1413 | D:2      | Noticed Sigmund
  1427 | D:2      | Killed Sigmund
  1428 | D:2      | Reached skill level 5 in Fighting
  1428 | D:2      | Reached skill level 5 in Axes
  1428 | D:2      | Reached skill level 1 in Stealth
  1428 | D:2      | Reached skill level 1 in Evocations
  1428 | D:2      | Reached XP level 5. HP: 41/48 MP: 4/4
  1998 | D:2      | Noticed Natasha
  2006 | D:2      | Killed Natasha
  2007 | D:2      | Reached XP level 6. HP: 56/56 MP: 5/5
  2162 | D:2      | Noticed Natasha
  2175 | D:2      | Killed Natasha
  2662 | D:3      | Noticed Ijyb
  2678 | D:3      | Killed Ijyb
  3313 | D:3      | Found an iron altar of Okawaru.
  3314 | D:3      | Found a shadowy altar of Dithmenos.
  3320 | D:3      | Found a sacrificial altar of Ru.
  3322 | D:3      | Found a sparkling altar of Nemelex Xobeh.
  3325 | D:3      | Found a broken altar of Ashenzari.
  3584 | D:4      | Reached *** piety under Trog
  3945 | D:4      | Found an ancient bone altar of Kikubaaqudgha.
  4039 | D:4      | Reached skill level 6 in Axes
  4150 | D:4      | Reached XP level 7. HP: 54/62 MP: 6/6
  4666 | D:4      | Found a staircase to the Ecumenical Temple.
  5296 | D:4      | Found a basalt altar of Yredelemnul.
  5385 | D:5      | Entered Level 5 of the Dungeon
  5750 | D:5      | Noticed a two-headed ogre
  5756 | D:5      | Killed a two-headed ogre
  5757 | D:5      | Reached skill level 7 in Axes
  5757 | D:5      | Reached XP level 8. HP: 16/71 MP: 7/7
  6098 | D:5      | Reached skill level 8 in Axes
  6267 | D:5      | Found Jeatouli's General Store.
  6320 | D:5      | Reached **** piety under Trog
  6694 | D:5      | Found a blossoming altar of Fedhas.
  6719 | D:5      | Noticed an oklob plant
  6899 | D:5      | Found a shimmering blue altar of Sif Muna.
  7313 | D:5      | Killed an oklob plant
  7314 | D:5      | Reached skill level 9 in Axes
  7314 | D:5      | Reached skill level 5 in Armour
  7314 | D:5      | Reached skill level 5 in Dodging
  7314 | D:5      | Reached XP level 9. HP: 38/79 MP: 8/8
  8392 | D:6      | Found a burning altar of Makhleb.
  8398 | D:6      | Found a glowing silver altar of Zin.
  8399 | D:6      | Noticed a balrug
  8399 | D:6      | Noticed an angel
  8568 | D:6      | Found a hazy altar of Hepliaklqana.
  8603 | D:6      | Found Pilinka's Serpentskin Sales.
  8633 | D:6      | Reached skill level 10 in Axes
  9545 | D:7      | Noticed Menkaure
  9563 | D:7      | Killed Menkaure
 11148 | D:7      | Reached XP level 10. HP: 53/90 MP: 9/9
 12284 | D:8      | Reached skill level 11 in Axes
 12405 | D:8      | Found a staircase to the Lair.
 12413 | D:8      | Reached ***** piety under Trog
 13093 | D:9      | You fall into a shaft and drop 3 floors!
 13131 | D:12     | Noticed Kirke
 13153 | D:12     | Killed Kirke
 13675 | D:10     | Entered Level 10 of the Dungeon
 14041 | D:9      | Received a gift from Trog
 14047 | D:9      | Reached skill level 5 in Stealth
 14048 | D:9      | Reached skill level 12 in Axes
 14930 | D:9      | Reached XP level 11. HP: 70/97 MP: 10/10
 15044 | D:9      | Reached skill level 5 in Evocations
 15818 | D:10     | Found a shimmering altar of Xom.
 15930 | D:11     | Noticed a four-headed hydra
 15941 | D:11     | HP: 2/148 [eight-headed hydra (8)]
 15946 | D:11     | HP: 3/99 [nine-headed hydra (7)]
 15946 | D:11     | Slain by a nine-headed hydra

Illustrated notes

Levels and vault maps discovered:
D:1:      scummos_arrival_forest, layout_basic
D:2:      layout_loops_ring, serial_shops, shop,
          hellmonk_ecumenical_altar_crossroads, st_stairs_12, uniq_sigmund,
          uniq_natasha
D:3:      layout_basic, minitemple, minmay_misc_feat_encased,
          due_unseen_surprise, uniq_ijyb
D:4:      layout_layer_cave, kiku_gazebo_pond_becter,
          lemuel_zombie_altar_yredelemnul, minmay_temple_entry_glassed_door,
          minmay_crystal_water
D:5:      layout_loops_ring, tgw_fedhas, led_sif_book, serial_shops,
          kennysheep_mini, minmay_fractal_squares_diagonal_5
D:6:      layout_basic, grunt_temple_overflow_order_and_chaos_2,
          worldfamousw_hep_ancestral_shrine, serial_co_window_serial,
          co_window_paths_b, co_window_paths_a, co_window_corner_a,
          co_window_of_opportunity_a, co_window_corner_a, co_window_broadway_c,
          co_window_unsneaky_path_a, co_window_corner_ca, co_window_paths_c,
          co_window_of_opportunity_c, co_window_paths_c, co_window_sun,
          glass_columns_c, glass_columns_a, guppyfry_shop_venom
D:7:      layout_basic, uniq_menkaure
D:8:      layout_cave_pools, grunt_lair_entry_orc_guard_hut
D:9:      layout_basic, special_room [special_room_orc]
D:10:     layout_rooms, lemuel_crystal_altar, minmay_misc_feat_enclosed
D:11:     layout_basic
D:12:     layout_loops_ring, orc_0_dummy, uniq_kirke

Skill      XL: |  1  2  3  4  5  6  7  8  9 10 11 |
---------------+----------------------------------+-----
Axes           | 4 5 6 7 9 10 12 | 12.8
Fighting       | 4 5 6 7 8 9 |  9.8
Armour         | 3 4 5 6 7 |  7.6
Dodging        | 3 4 5 6 |  6.8
Stealth        | 1 2 3 4 5 |  5.2
Evocations     | 1 2 3 4 5 |  5.1

Action                   |  1- 3 |  4- 6 |  7- 9 | 10-12 || total
-------------------------+-------+-------+-------+-------++-------
Melee: Hand axe          |    65 |   118 |     9 |       ||   192
       Headbutt          |    12 |    20 |    63 |    36 ||   131
       War axe           |       |       |   246 |    18 ||   264
       Punch             |       |       |     6 |       ||     6
       Battleaxe         |       |       |       |   144 ||   144
       Unarmed           |       |       |       |    18 ||    18
Invok: Berserk           |     1 |     1 |     2 |     4 ||     8
Evoke: Wand              |       |       |    11 |       ||    11
  Use: Potion            |       |     2 |       |     1 ||     3
       Scroll            |       |       |       |     9 ||     9
 Stab: Sleeping          |       |     2 |       |       ||     2
Armor: Animal skin       |     7 |     7 |       |       ||    14
       Leather armour    |       |     2 |       |       ||     2
       Ring mail         |       |       |    11 |       ||    11
       Chain mail        |       |       |    84 |    39 ||   123
       Plate armour      |       |       |       |    35 ||    35
Dodge: Dodged            |    47 |    77 |   115 |   102 ||   341
